 Dungeon Crawl Stone Soup version 0.22-a0-254-gaf95ca0 (webtiles) character file.

2786 RoseArtemis the Cleaver (level 9, -15/81 HPs)
             Began as a Minotaur Fighter on Mar 4, 2018.
             Demolished by a two-headed ogre
             ... wielding a +0 giant spiked club
              (21 damage)
             ... on level 10 of the Dungeon.
             The game lasted 00:14:58 (7306 turns).

RoseArtemis the Cleaver (Minotaur Fighter)          Turns: 7306, Time: 00:14:59

Health: -15/81     AC: 10    Str: 28    XL:     9   Next: 43%
Magic:  8/8        EV:  8    Int:  5    God:
Gold:   466        SH: 12    Dex: 11    Spells: 8/8 levels left

rFire    . . .     SeeInvis +   a - +1 war axe
rCold    . . .     Gourm    .   c - +0 shield
rNeg     . . .     Faith    .   b - +0 scale mail
rPois    +         Spirit   .   (helmet restricted)
rElec    .         Reflect  .   (no cloak)
rCorr    .         Harm     .   o - +0 pair of gloves
MR       .....                  B - +0 pair of boots
Stlth    ..........             (no amulet)
HPRegen  0.23/turn              l - ring of poison resistance
MPRegen  0.11/turn              h - ring of see invisible

@: mighty
A: retaliatory headbutt, horns 2
a: no special abilities


You were on level 10 of the Dungeon.
You were not hungry.

You visited 2 branches of the dungeon, and saw 9 of its levels.
You also visited: Sewer.

You collected 466 gold pieces.

Inventory:

Hand Weapons
 a - a +1 war axe (weapon)
Armour
 b - a +0 scale mail (worn)
 c - a +0 shield (worn)
 o - a +0 pair of gloves (worn)
 B - a +0 pair of boots (worn)
Jewellery
 h - a ring of see invisible (right hand)
 l - a ring of poison resistance (left hand)
Wands
 g - a wand of enslavement (13)
 n - a wand of iceblast (9)
 E - a wand of scattershot (13)
Scrolls
 e - 2 scrolls of enchant weapon
 j - 5 scrolls of blinking
 k - a scroll of magic mapping {unknown}
 r - 2 scrolls of remove curse
 s - 3 scrolls of fog
 t - a scroll of teleportation {unknown}
 u - 2 scrolls of fear
 y - a scroll of random uselessness {unknown}
 D - a scroll of identify
Potions
 d - a potion of haste {unknown}
 i - 2 potions of ambrosia
 m - 2 potions of invisibility
 p - a potion of resistance {unknown}
 q - 2 potions of curing
 v - 2 potions of brilliance {unknown}
 w - a potion of flight {unknown}
 z - a potion of cancellation {unknown}
 A - a potion of agility {unknown}
Comestibles
 f - 9 rations


   Skills:
 + Level 8.1 Fighting
 * Level 10.5 Axes
 - Level 6.4 Armour
 + Level 8.2 Shields


You had 8 spell levels left.
You didn't know any spells.

Dungeon Overview and Level Annotations

Branches:
Dungeon (7/15)             Temple (1/1) D:4

Altars:
Ashenzari
Cheibriados
Elyvilon
Fedhas
Gozag
Hepliaklqana
Kikubaaqudgha
Qazlal
Ru
Sif Muna
Trog
Vehumet
Wu Jian
Xom
Yredelemnul
The Shining One

Shops:
D:6 !


Innate Abilities, Weirdness & Mutations

You reflexively headbutt those who attack you in melee.
You have a pair of horns on your head.


Message History

The two-headed ogre hits you with a giant club!
You hit the two-headed ogre.
The two-headed ogre is lightly wounded.
You block the two-headed ogre's attack.
The two-headed ogre hits you with a giant club.
You hit the two-headed ogre.
The two-headed ogre is lightly wounded.
You slice the two-headed ogre!! You headbutt the two-headed ogre!
The two-headed ogre is severely wounded.
The two-headed ogre hits you with a giant spiked club!
The two-headed ogre barely misses you.
You feel very mighty all of a sudden.
The two-headed ogre hits you with a giant spiked club!!
You block the two-headed ogre's attack.
You closely miss the two-headed ogre. You headbutt the two-headed ogre.
The two-headed ogre is severely wounded.
The two-headed ogre hits you with a giant spiked club!!
* * * LOW HITPOINT WARNING * * *
The two-headed ogre hits you with a giant club!!
You die...

#......#
#......#
#.#
#......#
#.#
#......###
#.#
#........#
#.#
#......#.#
#.#
########.#
#.# ## #.#
#.# #.##.#
#@#
#.#.####O#
#.
#..O....#
#.
##.######
#.# ##.#
#..##
##.##
#..###.##
#...#.##
#...O##


You could see a two-headed ogre.

Vanquished Creatures
  Pikel (D:6)
  2 hippogriffs (D:7)
  Duvessa (D:7)
  2 ice beasts (D:7)
  An ogre (D:7)
  2 slaves (D:6)
  A necrophage (D:7)
  A sky beast (D:6)
  A phantom (D:7)
  A centaur (D:5)
  5 bullfrogs
  A scorpion (D:4)
  Dowan (D:7)
  3 crimson imps
  A centaur zombie (D:7)
  A jelly (D:6)
  4 hounds
  An orc wizard (D:7)
  A centaur skeleton (D:5)
  2 orc priests
  4 iguanas
  4 worker ants
  A worker ant zombie (D:5)
  9 adders
  A shadow imp (D:3)
  2 adder skeletons
  A worm (D:6)
  10 leopard geckos
  11 orcs
  15 bats
  10 giant cockroaches
  8 goblins
  4 hobgoblins
  24 jackals
  A quokka (D:4)
  5 frilled lizards
  A jackal zombie (D:7)
  8 kobolds
  8 rats
160 creatures vanquished.

Vanquished Creatures (others)
  A worker ant (D:6)
1 creature vanquished.

Grand Total: 161 creatures vanquished

Notes
Turn   | Place    | Note
-------+----------+-------------------------------------------
     0 | D:1      | RoseArtemis the Minotaur Fighter began the quest for the Orb.
     0 | D:1      | Reached XP level 1. HP: 19/19 MP: 0/0
   178 | D:1      | Reached XP level 2. HP: 27/27 MP: 1/1
   614 | D:1      | Reached skill level 3 in Axes
   704 | D:1      | Reached XP level 3. HP: 33/33 MP: 2/2
  1245 | D:2      | Reached XP level 4. HP: 18/40 MP: 3/3
  2112 | D:3      | Found a sacrificial altar of Ru.
  2119 | D:3      | Reached skill level 4 in Axes
  2352 | D:3      | Reached XP level 5. HP: 34/47 MP: 4/4
  2579 | D:4      | Found a glowing drain.
  2595 | Sewer    | Entered a sewer
  3150 | D:4      | Found a staircase to the Ecumenical Temple.
  3180 | Temple   | Entered the Ecumenical Temple
  3377 | D:4      | Reached skill level 5 in Axes
  3622 | D:4      | Reached XP level 6. HP: 49/55 MP: 5/5
  3936 | D:4      | Reached skill level 5 in Armour
  3936 | D:4      | Reached skill level 5 in Shields
  4154 | D:4      | Reached skill level 5 in Fighting
  4501 | D:5      | Entered Level 5 of the Dungeon
  4689 | D:5      | Reached skill level 6 in Axes
  4712 | D:5      | Reached XP level 7. HP: 57/61 MP: 6/6
  5184 | D:6      | Found Amocez's Distillery.
  5467 | D:6      | Noticed Pikel
  5489 | D:6      | Killed Pikel
  5489 | D:6      | Reached skill level 7 in Axes
  5489 | D:6      | Reached XP level 8. HP: 30/71 MP: 7/7
  5807 | D:6      | Reached skill level 8 in Axes
  5997 | D:7      | Noticed a hippogriff
  6007 | D:7      | Killed a hippogriff
  6047 | D:7      | Reached skill level 9 in Axes
  6135 | D:7      | Noticed a hippogriff
  6143 | D:7      | Killed a hippogriff
  6232 | D:7      | Noticed Dowan
  6233 | D:7      | Noticed Duvessa
  6246 | D:7      | Killed Dowan
  6246 | D:7      | Reached XP level 9. HP: 44/79 MP: 8/8
  6249 | D:7      | Killed Duvessa
  6804 | D:7      | Reached skill level 10 in Axes
  7258 | D:7      | You fall through a shaft for 3 floors!
  7258 | D:10     | Entered Level 10 of the Dungeon
  7281 | D:10     | Noticed a two-headed ogre
  7306 | D:10     | Demolished by a two-headed ogre

Vault maps used:
D:1:      dpeg_arrival_pits, minmay_tetromino_o2
D:2:      grunt_ministairs_2
D:3:      nicolae_ru_sacrificial_ziggurat
D:4:      minmay_temple_entry_grid, cheibrodos_sewer_entry_drain,
          minmay_misc_feat_alley, kennysheep_dice
D:5:      first_ration
D:6:      serial_shops, nicolae_shop_crystal, uniq_pikel
D:7:      uniq_duvessa
D:10:     lair_entry_dummy, roderic_batcave
Temple:   regret_index_temple_sphere_string
Sewer:    sewer_fruit_machine

Skill      XL: |  1  2  3  4  5  6  7  8  9 |
---------------+----------------------------+-----
Axes           | 3 4 5 6 7 9 10 | 10.5
Fighting       | 4 5 6 7 8 |  8.1
Shields        | 4 5 6 7 8 |  8.2
Armour         | 4 5 6 |  6.4

Action                   |  1- 3 |  4- 6 |  7- 9 || total
-------------------------+-------+-------+-------++-------
Melee: War axe           |   115 |   190 |   175 ||   480
       Headbutt          |     9 |    22 |    39 ||    70
  Use: Scroll            |     3 |     8 |     3 ||    14
       Potion            |     1 |       |     5 ||     6
  Eat: Chunk             |     1 |    12 |     8 ||    21
Armor: Scale mail        |    77 |   118 |    82 ||   277
Dodge: Dodged            |    39 |    58 |    41 ||   138
Block: Shield            |    73 |    98 |    84 ||   255

Table legend:
 A = Spawn XP
 B = Non-spawn XP
 C = Spawn XP percentage of total XP
 D = Spawn monster count
 E = Non-spawn monster count
 F = Spawn count percentage of total count
 G = Total turns spent on level
                    A         B        C        D         E        F      G
               +---------+---------+-------+---------+---------+-------+---------
         Total |       0 |    3980 |   0.0 |       0 |     158 |   0.0 |  7306
               +---------+---------+-------+---------+---------+-------+---------
           D:1 |       0 |      46 |   0.0 |       0 |      29 |   0.0 |   922
           D:2 |       0 |      81 |   0.0 |       0 |      14 |   0.0 |   968
           D:3 |       0 |      79 |   0.0 |       0 |      23 |   0.0 |   680
           D:4 |       0 |     270 |   0.0 |       0 |      20 |   0.0 |  1311
           D:5 |       0 |     243 |   0.0 |       0 |      15 |   0.0 |   488
           D:6 |       0 |    1053 |   0.0 |       0 |      10 |   0.0 |   976
           D:7 |       0 |    2089 |   0.0 |       0 |      32 |   0.0 |  1293
          D:10 |       0 |      90 |   0.0 |       0 |       1 |   0.0 |    48
         Sewer |       0 |      29 |   0.0 |       0 |      14 |   0.0 |   459
               +---------+---------+-------+---------+---------+-------+---------
